 Dungeon Crawl Stone Soup version 0.29.1-14-g9c671dbff4 (webtiles) character file.

Game seed: 4351919358148573151

141 Peloso the Covered (level 5, -1/47 HPs)
             Began as a Minotaur Fighter on Feb 16, 2023.
             Was an Initiate of Okawaru.
             Blown up by Ijyb (8 damage)
             ... with a mindburst bolt
             ... on level 4 of the Dungeon.
             The game lasted 00:03:59 (3340 turns).

Peloso the Covered (Minotaur Fighter)               Turns: 3340, Time: 00:03:59

Health: -1/47      AC: 10    Str: 20    XL:     5   Next: 3%
Magic:  3/3        EV:  7    Int:  5    God:    Okawaru [......]
Gold:   193        SH:  5    Dex: 18    Spells: 4/4 levels left

rFire   . . .      SeeInvis .   a - +0 long sword
rCold   . . .      Faith    .   d - +0 buckler
rNeg    . . .      Spirit   .   t - +0 chain mail
rPois   .          Reflect  .   (helmet restricted)
rElec   +          Harm     .   (no cloak)
rCorr   .          Rampage  .   j - +0 pair of gloves
Will    .....                   (no boots)
Stlth   ..........              (no amulet)
HPRegen 0.15/turn               i - +6 ring of dexterity
MPRegen 0.08/turn               p - ring of flight

@: flying
A: horns 2, retaliatory headbutt, low MP 1, electricity resistance
a: Renounce Religion


You were on level 4 of the Dungeon.
You worshipped Okawaru.
Okawaru was noncommittal.
You visited 1 branch of the dungeon, and saw 4 of its levels.

You collected 193 gold pieces.

Inventory:

Hand Weapons
 a - a +0 long sword (weapon)
Armour
 b - a +0 scale mail
 d - a +0 buckler (worn)
 j - a +0 pair of gloves (worn)
 t - a +0 chain mail (worn)
Jewellery
 c - a ring of fire
 i - a +6 ring of dexterity (left hand)
 p - a ring of flight (right hand)
Scrolls
 h - a scroll of vulnerability {unknown}
 k - 2 scrolls of teleportation {unknown}
 l - a scroll of enchant weapon {unknown}
 m - 2 scrolls of amnesia {unknown}
 n - a scroll of poison {unknown}
 o - a scroll of silence {unknown}
 q - 3 scrolls of identify {unknown}
 r - a scroll of torment {unknown}
 s - a scroll of fear {unknown}
 v - a scroll of acquirement {unknown}
 x - a scroll of enchant armour {unknown}
Potions
 e - a potion of might
 f - a potion of brilliance
 g - 2 potions of mutation
 u - a potion of attraction {unknown}
 w - a potion of degeneration {unknown}


   Skills:
 + Level 4.5 Fighting
 + Level 3.9 Long Blades
 + Level 4.8 Armour
 + Level 0.3 Dodging
 + Level 0.5 Stealth
 + Level 4.2 Shields


You had 4 spell levels left.
You didn't know any spells.
Your spell library contained the following spells:

 Spells                   Type           Power      Damage    Failure   Level
 Magic Dart               Conj           0%         1d3       100%        1
 Searing Ray              Conj           0%         2d4       100%        2
 Dazzling Flash           Conj/Hex       0%         N/A       100%        3
 Corpse Rot               Necr/Pois/Air  0%         N/A       100%        4
 Fulminant Prism          Conj/Hex       0%         3d6       100%        4
 Iskenderun's Mystic Bla  Conj/Tloc      0%         2d3       100%        4
 Passage of Golubria      Tloc           0%         N/A       100%        4
 Freezing Cloud           Conj/Ice/Air   0%         6-21      100%        5
 Yara's Violent Unravell  Hex/Tmut       0%         3d3       100%        5
 Starburst                Conj/Fire      0%         6d3       100%        6
 Tukima's Dance           Hex            Unusable   N/A       N/A         3
 Animate Armour           Summ/Erth      Unusable   N/A       N/A         4

Dungeon Overview and Level Annotations

Branches:
Dungeon (4/15)
 Temple: D:4-7

Altars:
Okawaru

Annotations:
D:3 2 transporters, ripuliukko's ghost, amateur GrEE
D:4 Ijyb


Innate Abilities, Weirdness & Mutations

You have a pair of horns on your head.
You reflexively headbutt those who attack you in melee.
Your magical capacity is low. (-10% MP)
You are resistant to electric shocks. (rElec)


Message History

Ijyb is nearby!
Ijyb is nearby!
Ijyb zaps a wand.
Your mind is blasted!
You barely miss Ijyb. Ijyb barely misses you. You furiously retaliate!
You headbutt Ijyb. You slash Ijyb!
Ijyb is moderately wounded.
Ijyb hits you but does no damage.
You miss Ijyb. You headbutt Ijyb, but do no damage.
Ijyb is moderately wounded.
Ijyb closely misses you. Ijyb barely misses you. You furiously retaliate!
You headbutt Ijyb, but do no damage. You hit Ijyb but do no damage.
You headbutt Ijyb.
Ijyb is heavily wounded.
Ijyb drinks a potion.
Ijyb is healed!
You hit Ijyb.
Ijyb is lightly wounded.
Ijyb hits you but does no damage.
You closely miss Ijyb.
Ijyb is lightly wounded.
Ijyb zaps a wand.
Your mind is blasted!
You hit Ijyb.
Ijyb is lightly wounded.
Ijyb hits you but does no damage.
You hit Ijyb. You headbutt Ijyb.
Ijyb is heavily wounded.
Ijyb zaps a wand.
Your mind is blasted!
* * * LOW HITPOINT WARNING * * *
Ijyb hits you but does no damage.
You hit Ijyb.
Ijyb is heavily wounded.
Ijyb hits you but does no damage.
You slash Ijyb!
Ijyb is almost dead.
Ijyb hits you with a +0 dagger.
* * * LOW HITPOINT WARNING * * *
You closely miss Ijyb.
Ijyb is almost dead.
Ijyb zaps a wand.
Your mind is blasted!
You die...

#.......'.......
#.#.#######.......
#.#.# #.......
#.#.# #......(
#.#)# #.......
#.#.# ########
#.#.# #g#)#
#@#.### #.#...#
#.###.###
#.###)..#
######.......#
#.....#####..#
#.###.#####..# #.#
#........#
#.#########.##


You could see Ijyb.

Vanquished Creatures
  An ogre (D:4)
  A shadow imp (D:3)
  2 worms (D:3)
  A dart slug (D:3)
  5 bats
  5 endoplasms
  3 giant cockroaches
  3 goblins
  2 hobgoblins (D:2)
  2 kobolds
  5 quokkas
  4 ball pythons
  A frilled lizard (D:3)
  3 rats
38 creatures vanquished.

Notes
Turn   | Place    | Note
-------+----------+-------------------------------------------
     0 | D:1      | Peloso the Minotaur Fighter began the quest for the Orb.
     0 | D:1      | Reached XP level 1. HP: 19/19 MP: 0/0
   305 | D:1      | Reached XP level 2. HP: 24/27 MP: 1/1
  1184 | D:2      | Found a faded altar of an unknown god.
  1229 | D:2      | Got the Writings on the Petrified Wind
  1832 | D:2      | Gained mutation: Your magical capacity is low. (-10% MP)
                  | [potion of mutation]
  1832 | D:2      | Gained mutation: You are occasionally teleported next to
                  | monsters. [potion of mutation]
  1833 | D:2      | Lost mutation: You are occasionally teleported next to
                  | monsters. [potion of mutation]
  1833 | D:2      | Lost mutation: Your magical capacity is low. (-10% MP)
                  | [potion of mutation]
  1833 | D:2      | Gained mutation: You are resistant to electric shocks.
                  | (rElec) [potion of mutation]
  1833 | D:2      | Gained mutation: Your magical capacity is low. (-10% MP)
                  | [potion of mutation]
  1872 | D:3      | Reached XP level 3. HP: 33/33 MP: 1/1
  1963 | D:3      | Found an iron altar of Okawaru.
  1971 | D:3      | Became a worshipper of Warmaster Okawaru
  2099 | D:3      | Found a transporter.
  2099 | D:3      | Noticed ripuliukko's ghost (amateur GrEE)
  2928 | D:3      | Found a transporter.
  2986 | D:4      | Noticed an ogre
  2997 | D:4      | Killed an ogre
  2998 | D:4      | Reached XP level 4. HP: 12/41 MP: 2/2
  3243 | D:4      | Reached XP level 5. HP: 45/47 MP: 3/3
  3326 | D:4      | Noticed Ijyb
  3340 | D:4      | Blown up by Ijyb

Illustrated notes

Levels and vault maps discovered:
D:1:      heliophobic_arrival_enchanted_forest, layout_basic
D:2:      layout_basic, hellmonk_ecumenical_altar_zigzags
D:3:      layout_basic, okawaru_gym_becter, gammafunk_ghost_mausoleum,
          kennysheep_generic_room_4
D:4:      layout_basic, uniq_ijyb

Skill      XL: |  1  2  3 |
---------------+----------+-----
Fighting       | 4 |  4.5
Armour         | 4 |  4.8
Shields        | 4 |  4.2
Long Blades    | 3 |  3.9
Dodging        | |  0.3
Stealth        | |  0.5

Action                   |  1- 3 |  4- 6 || total
-------------------------+-------+-------++-------
Melee: Long sword        |    64 |    21 ||    85
       Headbutt          |    15 |     6 ||    21
  Use: Potion            |     4 |       ||     4
Armor: Scale mail        |    24 |       ||    24
       Chain mail        |       |     8 ||     8
Dodge: Dodged            |    24 |     8 ||    32
Block: Buckler           |    18 |     1 ||    19
